 Dungeon Crawl Stone Soup version 0.32-a0-131-g9dbbe29261 (webtiles) character file.

Game seed: 14622632687684590541

1012 teethpaste the Trooper (level 8, -4/68 HPs)
             Began as a Ghoul Monk on Feb 8, 2024.
             Was a Believer of Okawaru.
             Slain by an ogre
             ... wielding a +0 giant spiked club
              (17 damage)
             ... on level 6 of the Dungeon.
             The game lasted 00:33:47 (5872 turns).

teethpaste the Trooper (Ghoul Monk)                 Turns: 5872, Time: 00:33:48

Health: -4/68      AC: 15    Str: 23    XL:     8   Next: 21%
Magic:  8/8        EV: 12    Int:  9    God:    Okawaru [**....]
Gold:   214        SH:  0    Dex: 17    Spells: 7/7 levels left

rFire   + . .        q - +8 mace "Daiheq" {drain, SInv}
rCold   + . .        c - orb {light}
rNeg    + + +        A - +4 scale mail {rF+}
rPois   ∞            (no helmet)
rElec   .            n - +1 cloak
rCorr   .            s - +1 pair of gloves
SInv    +            (no boots)
Will    .....        (no amulet)
Stlth   +            y - +6 ring of dexterity
HPRegen 0.00/turn    B - +6 ring of strength
MPRegen 0.11/turn

%: no passive effects
@: inhibited regen, glowing
A: claws 1, cold resistance 1, negative energy resistance 3, inhibited
regeneration, torment resistance 2, devour on kill
a: Renounce Religion, Heroism


You were on level 6 of the Dungeon.
You worshipped Okawaru.
Okawaru was pleased with you.
You visited 2 branches of the dungeon, and saw 7 of its levels.
You also visited: Sewer.

You collected 250 gold pieces.
You spent 36 gold pieces at shops.

Inventory:

Hand Weapons
 q - the +8 mace "Daiheq" (weapon) {drain, SInv}
   (You found it on level 2 of the Dungeon)

   SInv:      It lets you see invisible.
Missiles
 p - 39 stones (quivered)
 z - 17 poisoned darts
Armour
 a - a +0 robe
 b - a +1 hat
 c - an orb of light (worn)
 d - a +0 ring mail
 n - a +1 cloak (worn)
 s - a +1 pair of gloves (worn)
 A - a +4 scale mail of fire resistance (worn)
Jewellery
 y - a +6 ring of dexterity (left hand)
 B - a +6 ring of strength (right hand)
Wands
 r - a wand of flame (38)
Scrolls
 e - 3 scrolls of enchant armour {unknown}
 f - 4 scrolls of identify {unknown}
 h - a scroll of torment {unknown}
 i - 3 scrolls of immolation
 j - a scroll of poison {unknown}
 k - 2 scrolls of fear {unknown}
 o - 4 scrolls of teleportation
 u - a scroll of noise
 v - a scroll of vulnerability {unknown}
Potions
 g - 3 potions of attraction {unknown}
 l - 4 potions of lignification {unknown}
 m - 2 potions of heal wounds {unknown}
 t - 5 potions of degeneration
 w - 2 potions of magic
 x - a potion of curing {unknown}
 C - a potion of haste {unknown}


   Skills:
 + Level 5.1 Fighting
 + Level 4.7 Maces & Flails
 + Level 3.9 Armour
 + Level 4.2 Dodging
 + Level 1.2 Stealth
 + Level 4.3 Unarmed Combat


You had 7 spell levels left.
You didn't know any spells.
Your spell library contained the following spells:

 Spells                   Type           Power      Damage    Failure   Level
 Magic Dart               Conj           0%         1d3       69%         1
 Shock                    Conj/Air       0%         1d3       69%         1
 Cigotuvi's Dreadful Rot  Necr/Alch/Air  0%         N/A       83%         2
 Searing Ray              Conj           0%         2d4       83%         2
 Swiftness                Air            0%         N/A       96%         3
 Airstrike                Air            0%         2d(0-16)  100%        4
 Fulminant Prism          Conj/Alch      0%         3d5       100%        4


Dungeon Overview and Level Annotations

Branches:
Dungeon (6/15)             Temple (1/1) D:5           Sewer (visited)

Altars:
Ashenzari
Dithmenos
Gozag
Okawaru
Qazlal
Sif Muna
Vehumet
Wu Jian
Yredelemnul

Shops:
D:5 ?


Innate Abilities, Weirdness & Mutations

You are immune to poison.
You have sharp fingernails.
Your flesh is cold resistant. (rC+)
You are immune to negative energy. (rN+++)
You do not regenerate when monsters are visible.
You are immune to unholy pain and torment.
You thrive by killing the living.


Message History

You sock the yak! You drain the yak.
The yak is moderately wounded.
The yak closely misses you. The yak misses you.
You hit the yak.
The yak is heavily wounded.
The ogre barely misses you.
You sock the yak! You drain the yak.
The yak is moderately wounded.
The yak barely misses you. The yak gores you but does no damage.
You barely miss the yak.
The yak is moderately wounded.
The ogre hits you with a +0 giant spiked club!
The yak barely misses you. The yak gores you.
The yak gores you but does no damage. The yak gores you.
The ogre attacks as it pursues you! The ogre barely misses you.
The yak completely misses you. The yak gores you but does no damage.
The yak barely misses you. The yak attacks as it pursues you!
The yak barely misses you. The yak gores you.
The yak attacks as it pursues you! The yak gores you but does no damage.
The yak completely misses you. The yak gores you. x2
The yak barely misses you. The yak gores you but does no damage.
A steam dragon comes into view.
The yak barely misses you. The yak attacks as it pursues you!
The yak gores you. The ogre barely misses you.
The yak attacks as it pursues you! The yak gores you but does no damage.
The yak attacks as it pursues you! The yak barely misses you.
The yak attacks as it pursues you! The yak gores you!
The steam dragon bites you but does no damage.
The steam dragon claws you.
You barely miss the steam dragon.
The steam dragon bites you but does no damage.
The steam dragon misses you. The yak gores you!
* * * LOW HITPOINT WARNING * * *
You hit the steam dragon but do no damage.
You drain the steam dragon.
The steam dragon is lightly wounded.
The ogre hits you with a +0 giant spiked club!
You die...

...... #............ #..#
#............
######..#######......######
..............#......#
..............'......#
..............#Y.Y...#
..##....##....#.Y....###
+###....###+###YYO......
#....... #Y@........
#........ #.D.........
#......... #...........
+......... #...........
#......... .......###
.......# ........#


You could see 6 yaks, a steam dragon (drained) and an ogre.

Vanquished Creatures
  Eustachio (D:4)
  Edmund (D:4)
  A black bear (D:3)
  2 ogres (D:5)
  An orc warrior (D:5)
  The ghost of audacious124 the Digger, a weakling DsEE (D:3)
  3 hounds
  An orc priest (D:4)
  3 orc wizards
  Robin (D:3)
  4 adders
  A white imp (D:5)
  3 ribbon worms
  5 dart slugs
  8 orcs
  9 bats
  5 endoplasms
  3 giant cockroaches
  12 goblins
  7 hobgoblins
  2 jackals (Sewer)
  6 quokkas
  4 ball pythons
  4 frilled lizards
  7 kobolds
  4 rats
99 creatures vanquished.

Notes
Turn   | Place    | Note
-------+----------+-------------------------------------------
     0 | D:1      | teethpaste the Ghoul Monk began the quest for the Orb.
     0 | D:1      | Reached XP level 1. HP: 19/19 MP: 1/1
   179 | D:1      | Reached XP level 2. HP: 16/26 MP: 2/2
  1034 | D:1      | Reached XP level 3. HP: 32/33 MP: 3/3
  1716 | D:2      | Identified the +8 mace "Daiheq" {drain, SInv}
  2023 | D:3      | Reached XP level 4. HP: 34/40 MP: 4/4
  2131 | D:3      | Found a glowing drain.
  2147 | D:3      | Reached skill level 1 in Armour
  2216 | Sewer    | Entered a sewer
  2871 | D:3      | Found a runed translucent door.
  2873 | D:3      | Noticed a black bear
  2874 | D:3      | Noticed audacious124's ghost (weakling DsEE)
  2958 | D:3      | Noticed Robin
  2982 | D:3      | Reached skill level 4 in Fighting
  2984 | D:3      | Reached skill level 1 in Maces & Flails
  2984 | D:3      | Reached XP level 5. HP: 14/46 MP: 5/5
  2986 | D:3      | Killed Robin
  3939 | D:3      | Killed audacious124's ghost
  3942 | D:3      | Killed a black bear
  3943 | D:3      | Reached XP level 6. HP: 48/52 MP: 6/6
  4035 | D:4      | Noticed Eustachio
  4082 | D:4      | Killed Eustachio
  4083 | D:4      | Reached XP level 7. HP: 23/60 MP: 7/7
  4108 | D:4      | Noticed Edmund
  4133 | D:4      | Killed Edmund
  4905 | D:5      | Entered Level 5 of the Dungeon
  4917 | D:5      | Found a staircase to the Ecumenical Temple.
  4938 | Temple   | Entered the Ecumenical Temple
  5208 | Temple   | Became a worshipper of Warmaster Okawaru
  5208 | Temple   | Reached * piety under Okawaru
  5208 | Temple   | Reached ** piety under Okawaru
  5333 | D:5      | Reached skill level 1 in Stealth
  5351 | D:5      | Found a broken altar of Ashenzari.
  5554 | D:5      | Reached XP level 8. HP: 67/67 MP: 8/8
  5629 | D:5      | Found Taforr Arro's Magic Scroll Emporium.
  5641 | D:5      | Bought a scroll of teleportation for 36 gold pieces
  5647 | D:5      | Reached skill level 5 in Fighting
  5695 | D:5      | Found a shimmering blue altar of Sif Muna.
  5720 | D:5      | Got Sif Muna's Secrets of Venomous Turbulence
  5850 | D:6      | Noticed a yak
  5851 | D:6      | Noticed a yak
  5851 | D:6      | Noticed a yak
  5853 | D:6      | Noticed a yak
  5853 | D:6      | Noticed a yak
  5854 | D:6      | Noticed a yak
  5872 | D:6      | Slain by an ogre

Illustrated notes

Levels and vault maps discovered:
D:1:      dpeg_arrival_tiny_a, layout_basic
D:2:      layout_rooms
D:3:      layout_basic, ebering_ghost_inner_flame, cheibrodos_sewer_entry_bend,
          uniq_robin
D:4:      layout_rooms, uniq_eustachio, uniq_edmund
D:5:      layout_basic, nzn_overflow_gifts_of_might_and_magic,
          nicolae_ashenzari_skybound, minmay_temple_entry_mist, enter_ossuary_5,
          serial_shops, nicolae_shop_gibbet_a_chance, shop
D:6:      layout_gridville, nicolae_overflow_hallway_of_the_gods
Temple:   hellmonk_temple_flake

Skill      XL: |  1  2  3  4  5  6  7  8 |
---------------+-------------------------+-----
Dodging        | 3 4 |  4.2
Unarmed Combat | 4 |  4.3
Armour         | 1 2 3 |  3.9
Fighting       | 4 5 |  5.1
Maces & Flails | 1 2 3 4 |  4.7
Stealth        | 1 |  1.2

Action                     |  1- 3 |  4- 6 |  7- 9 || total
---------------------------+-------+-------+-------++-------
  Melee: Unarmed           |    57 |       |       ||    57
         Mace              |    12 |   104 |    56 ||   172
    Use: Potion            |       |       |     2 ||     2
         Scroll            |       |       |     1 ||     1
 Armour: Ring mail         |    65 |   148 |       ||   213
         Robe              |     7 |       |       ||     7
         Scale mail        |       |    75 |    66 ||   141
  Dodge: Dodged            |    80 |   207 |    57 ||   344

Table legend: (Time is in decaauts)
 A = Elapsed time spent in this place.
 B = Non-inter-level travel time spent in this place.
 C = Inter-level travel time spent in this place.
 D = Time resting spent in this place.
 E = Time spent auto-exploring this place.
 F = Levels seen in this place.
 G = Mean time per level.
                   A        B        C        D        E       F      G
               +--------+--------+--------+--------+--------+-----+--------+
         Total |   6130 |   6106 |     24 |      0 |      0 |   8 |  766.2 |
       Dungeon |   5108 |   5102 |      6 |      0 |      0 |   6 |  851.3 |
        Temple |    340 |    322 |     18 |      0 |      0 |   1 |  340.0 |
         Sewer |    681 |    681 |      0 |      0 |      0 |   1 |  681.0 |
               +--------+--------+--------+--------+--------+-----+--------+

Top non-repeatable levels by time:
     D:3: 1570 daAuts
     D:1: 1376 daAuts
     D:4: 892 daAuts
   Sewer: 681 daAuts
     D:2: 627 daAuts
     D:5: 573 daAuts
  Temple: 340 daAuts
     D:6: 67 daAuts
